 Dungeon Crawl Stone Soup version 0.31-a0-202-g547052bce9 (webtiles) character file.

Game seed: 3432045076314317191

21 qw the Shooter (level 2, -3/16 HPs)
             Began as a Deep Elf Hunter on June 26, 2023.
             Slain by a goblin
             ... wielding a +0 club
             ... led by Robin
              (5 damage)
             ... on level 2 of the Dungeon.
             The game lasted 00:00:13 (1036 turns).

qw the Shooter (Deep Elf Hunter)                    Turns: 1036, Time: 00:00:14

Health: -3/16      AC:  3    Str:  8    XL:     2   Next: 65%
Magic:  4/4        EV: 12    Int: 13    God:
Gold:   11         SH:  0    Dex: 18    Spells: 1/1 levels left

rFire   . . .        Y - +0 shortbow
rCold   . . .        (shield currently unavailable)
rNeg    . . .        c - +0 leather armour
rPois   .            (no helmet)
rElec   .            (no cloak)
rCorr   .            (no gloves)
SInv    .            (no boots)
Will    .....        (no amulet)
Stlth   ++           (no ring)
HPRegen 0.22/turn    (no ring)
MPRegen 0.09/turn

%: no passive effects
@: no status effects
A: no striking features
a: no special abilities


You were on level 2 of the Dungeon.
You visited 1 branch of the dungeon, and saw 2 of its levels.

You collected 11 gold pieces.


   Skills:
 - Level 1.5 Fighting
 + Level 6.4 Ranged Weapons
 - Level 2.4 Dodging
 - Level 1.2 Stealth


You had one spell level left.
You didn't know any spells.
Your spell library was empty.

Inventory:

Hand Weapons
 Y - a +0 shortbow (weapon)
Armour
 c - a +0 leather armour (worn)
Potions
 h - a potion of haste {unknown}

Dungeon Overview and Level Annotations

Branches:
Dungeon (2/15)

Altars:

Annotations:
D:2 Robin


Message History

You shoot an arrow. The arrow closely misses the hobgoblin.
The arrow hits the goblin.
You kill the goblin!
The hobgoblin hits you but does no damage.
Robin roars a battlecry!
The goblins go into a battle-frenzy!
You hear a shout! x2
You shoot an arrow. The goblin shouts!
The arrow hits the hobgoblin but does no damage.
The hobgoblin is moderately wounded.
A goblin comes into view. It is wielding a +0 dagger.
A hobgoblin comes into view.
You shoot an arrow. The arrow hits the hobgoblin!
You kill the hobgoblin!
The hobgoblin hits you.
Robin's horned helmet rattles.
You shoot an arrow. The arrow hits the hobgoblin.
The hobgoblin is heavily wounded.
Robin roars a battlecry!
You shoot an arrow. The arrow hits the hobgoblin!
You kill the hobgoblin!
You shoot an arrow. The arrow hits the goblin!
You kill the goblin!
A goblin comes into view. It is wielding a +0 dagger of venom.
You shoot an arrow. The arrow closely misses the goblin.
The arrow hits the goblin!
You kill the goblin!
The goblin hits you with a +0 club.
You shoot an arrow. The arrow hits the goblin.
The goblin is moderately wounded.
The goblin barely misses you. The goblin hits you with a +0 club.
You shoot an arrow. The arrow barely misses the goblin.
The arrow hits the goblin.
You kill the goblin!
The goblin hits you but does no damage.
You shoot an arrow.
The arrow hits the goblin but does no damage.
The goblin hits you with a +0 club.
You die... . #.. ##. #.. ). #)# .)#.# g#.# gg#

.##.###g#######
.......@......#
#.#######.#####.#
#.........#.###.#
#.######........#
#.##.##### #.##.#
...#<#
#.#.#.######.# ..
.#........#


You could see Robin, a hobgoblin (strong) and 2 goblins.

Vanquished Creatures
  A ball python (D:1)
  2 endoplasms (D:1)
  A giant cockroach (D:1)
  7 goblins
  3 hobgoblins
  A bat (D:2)
  2 kobolds (D:1)
  A rat (D:1)
18 creatures vanquished.

Notes
Turn   | Place    | Note
-------+----------+-------------------------------------------
     0 | D:1      | qw the Deep Elf Hunter began the quest for the Orb.
     0 | D:1      | Reached XP level 1. HP: 12/12 MP: 3/3
     0 | D:1      | 0 ||| qw: Version: 0.3-a-22-g0ed2b0b
     0 | D:1      | 0 ||| qw: Game counter: 6176
     0 | D:1      | 0 ||| qw: Melee chars always use a shield: true
     0 | D:1      | 0 ||| qw: God list: Okawaru
     0 | D:1      | 0 ||| qw: Allow faded altars: false
     0 | D:1      | 0 ||| qw: Do Orc after clearing Dungeon:15 true
     0 | D:1      | 0 ||| qw: Do second Lair branch before Depths: true
     0 | D:1      | 0 ||| qw: Lair rune preference: random
     0 | D:1      | 0 ||| qw: Goals: Normal
     0 | D:1      | 0 ||| PLANNING D:1-11
   369 | D:1      | Reached XP level 2. HP: 16/16 MP: 4/4
   393 | D:1      | Reached skill level 6 in Ranged Weapons
   907 | D:1      | 907 ||| READING scroll labelled GICRUXAXUCO.
   912 | D:1      | 912 ||| READING scroll labelled KEAKHI POUPU.
   913 | D:1      | 913 ||| READING scroll labelled PIDANWIRIX.
   914 | D:1      | 914 ||| READING scroll labelled UFYSHR ESCHALAEJU.
   915 | D:1      | 915 ||| READING scroll labelled ERCHI CIOSHRIALO.
   916 | D:1      | 916 ||| DROPPING scroll of butterflies.
   918 | D:1      | 918 ||| Stepping ~*~*~tactically~*~*~ (cloud).
   924 | D:1      | HP: 4/16 [poisoned by you (poison gas)]
  1025 | D:2      | Noticed Robin
  1034 | D:2      | HP: 2/16 [goblin/+0 club[Robin] (5)]
  1036 | D:2      | Slain by a goblin

Levels and vault maps discovered:
D:1:      onia_arrival_pyramid, layout_loops_cross, serial_co_window_serial,
          co_window_of_opportunity_a, co_window_of_opportunity_a,
          co_window_of_opportunity_a, co_window_corner_a, co_window_paths_a,
          co_window_corner_ca, co_window_broadway_b, co_window_broadway_b,
          minmay_tree_intersection, dreamdust_mushroom_princess,
          serial_bayou_lagoon_a, grunt_decor_arrowhead
D:2:      layout_basic, chequers_ecumenical_altar_lobes, basic_altar,
          uniq_robin, uniq_sigmund

Skill      XL: |  1  2 |
---------------+-------+-----
Ranged Weapons | 6 |  6.4
Fighting       | |  1.5
Dodging        | |  2.4
Stealth        | |  1.2

Action                     || total
---------------------------++-------
   Fire: Shortbow          ||    41
    Use: Scroll            ||     5
 Armour: Leather armour    ||     4
  Dodge: Dodged            ||     3

Table legend:
 A = Non-vault XP
 B = Vault XP
 C = Vault XP percentage of total XP
 D = Non-vault monster count
 E = Vault monster count
 F = Vault count percentage of total count
                 A         B        C        D         E       F
            +---------+---------+-------+---------+---------+-------
      Total |      16 |      15 |  48.4 |      10 |       8 |  44.4
            +---------+---------+-------+---------+---------+-------
        D:1 |      15 |       0 |   0.0 |       9 |       0 |   0.0
        D:2 |       1 |      15 |  93.8 |       1 |       8 |  88.9
            +---------+---------+-------+---------+---------+-------
